 Dungeon Crawl Stone Soup version 0.30-a0-605-gb2882149bf (webtiles) character file.

Game seed: 15698456321674081643

5439 NinjaNoafa the Magician (level 10, -11/76 HPs)
             Began as a Gnoll Earth Elementalist on Jan 8, 2023.
             Was a Priest of Cheibriados.
             Mangled by a two-headed ogre
             ... wielding a +0 giant spiked club
              (25 damage)
             ... on level 9 of the Dungeon.
             The game lasted 00:39:22 (11719 turns).

NinjaNoafa the Magician (Gnoll Earth Elementalist) Turns: 11719, Time: 00:39:23

Health: -11/76     AC: 12    Str: 16      XL:     10   Next: 68%
Magic:  10/30      EV: 17    Int: 12 (26) God:    Cheibriados [***...]
Gold:   474        SH:  0    Dex: 21      Spells: 0/24 levels left

rFire   . . .      SeeInvis .    z - +3 trident (freeze)
rCold   . . .      Faith    +    l - orb {*channel}
rNeg    . . .      Spirit   .    D - +0 steam dragon scales
rPois   .          Reflect  .    r - +0 helmet
rElec   .          Harm     .    c - +0 cloak
rCorr   .          Rampage  .    C - +1 pair of gloves
Will    .....                    w - +0 pair of boots
Stlth   ++++                     J - amulet of faith
HPRegen 0.32/turn                h - ring of magical power
MPRegen 0.22/turn                o - ring of wizardry

@: about to teleport, very slow
A: fangs 1, strong nose, distributed training
a: Renounce Religion, Bend Time, Temporal Distortion


You were on level 9 of the Dungeon.
You worshipped Cheibriados.
Cheibriados was most pleased with you.
You visited 2 branches of the dungeon, and saw 11 of its levels.

You collected 474 gold pieces.

Inventory:

Hand Weapons
 p - a +2 vampiric short sword
 z - a +3 trident of freezing (weapon)
Missiles
 q - 4 boomerangs
 y - 25 poisoned darts
 G - 3 atropa-tipped darts
Armour
 c - a +0 cloak (worn)
 l - an orb of energy (worn)
 r - a +0 helmet (worn)
 w - a +0 pair of boots (worn)
 C - a +1 pair of gloves (worn)
 D - +0 steam dragon scales (worn)
Jewellery
 h - a ring of magical power (left hand)
 o - a ring of wizardry (right hand)
 u - a ring of protection from cold
 x - a ring of fire
 J - an amulet of faith (around neck)
Wands
 i - a wand of digging (1)
 n - a wand of paralysis (18)
 B - a wand of mindburst (18)
Scrolls
 a - 3 scrolls of torment
 m - 3 scrolls of immolation
 t - a scroll of noise
 v - 3 scrolls of fog
 A - a scroll of poison {unknown}
 E - a scroll of vulnerability
 H - a scroll of fear
 I - a scroll of blinking
Potions
 b - a potion of magic
 d - 3 potions of flight
 e - 2 potions of cancellation
 f - 4 potions of mutation
 g - 4 potions of degeneration
 j - 3 potions of attraction
 k - a potion of haste {unknown}
 s - 2 potions of brilliance
 M - a potion of curing
Miscellaneous
 L - a phial of floods


   Skills:
 + Level 5.7 Fighting
 + Level 5.7 Short Blades
 + Level 5.7 Long Blades
 + Level 5.7 Axes
 + Level 5.7 Maces & Flails
 + Level 5.7 Polearms
 + Level 5.7 Staves
 + Level 5.7 Ranged Weapons
 + Level 5.7 Throwing
 + Level 5.7 Armour
 + Level 7.4 Dodging
 + Level 7.1 Stealth
 + Level 5.7 Shields
 + Level 5.7 Unarmed Combat
 + Level 7.7 Spellcasting
 + Level 4.7 Conjurations
 + Level 4.7 Hexes
 + Level 4.7 Summonings
 + Level 4.7 Necromancy
 + Level 4.7 Translocations
 + Level 5.2 Transmutations
 + Level 4.7 Fire Magic
 + Level 4.7 Ice Magic
 + Level 4.7 Air Magic
 + Level 7.3 Earth Magic
 + Level 4.7 Poison Magic
 + Level 6.2 Invocations
 + Level 5.7 Evocations


You couldn't memorise any spells.
You knew the following spells:

 Your Spells              Type           Power      Damage    Failure   Level
a - Sandblast             Erth           44%        2d11      1%          1
b - Passwall              Tmut/Erth      15%        N/A       1%          2
c - Stone Arrow           Conj/Erth      38%        3d9       1%          3
d - Ozocubu's Armour      Ice            15%        N/A       2%          3
e - Leda's Liquefaction   Hex/Erth       9%         N/A       5%          4
f - Petrify               Tmut/Erth      19%        N/A       4%          4
g - Sublimation of Blood  Necr           15%        N/A       1%          2
h - Call Canine Familiar  Summ           15%        N/A       2%          3
i - Blink                 Tloc           30%        N/A       1%          2

Your spell library contained the following spells:

 Spells                   Type           Power      Damage    Failure   Level
 Momentum Strike          Conj/Tloc      30%        3d8       1%          2
 Wereblood                Tmut           17%        N/A       1%          2
 Ignite Poison            Fire/Tmut/Pois 16%        N/A       2%          3
 Lesser Beckoning         Tloc           30%        N/A       2%          3
 Portal Projectile        Hex/Tloc       30%        N/A       2%          3
 Sticky Flame             Conj/Fire      15%        2d4       9%          4
 Iskenderun's Battlesphe  Conj           15%        2d7       24%         5
 Metabolic Englaciation   Hex/Ice        7%         N/A       24%         5
 Iron Shot                Conj/Erth      9%         9d3       58%         6
 Simulacrum               Ice/Necr       7%         N/A       77%         6
 Spellforged Servitor     Conj/Summ      7%         N/A       99%         7
 Summon Hydra             Summ           7%         N/A       99%         7
 Ignition                 Fire           7%         3d5       100%        8


Dungeon Overview and Level Annotations

Branches:
Dungeon (10/15)            Temple (1/1) D:6            Lair (0/5) D:9
    Orc: D:9-12

Altars:
Ashenzari
Cheibriados
Dithmenos
Elyvilon
Fedhas
Gozag
Hepliaklqana
Kikubaaqudgha
Makhleb
Nemelex Xobeh
Okawaru
Qazlal
Ru
Sif Muna
Trog
Uskayaw
Vehumet
Wu Jian
Xom
Yredelemnul
Zin
The Shining One

Shops:
D:8 *


Innate Abilities, Weirdness & Mutations

You have very sharp teeth.
Your uncanny sense of smell can sniff out nearby items.
Your experience applies equally to all skills.


Message History

Your hound bites the yak.
The yak gores your hound!
Your hound dies!
Your hound's corpse disappears in a puff of smoke!
The yak gores you but does no damage. The yak misses you.
The yak attacks as you move away! The yak barely misses you.
The two-headed ogre barely misses you. The two-headed ogre misses you.
The yak attacks as you move away! The yak gores you but does no damage.
The two-headed ogre attacks as you move away!
The two-headed ogre misses you. The two-headed ogre closely misses you.
The yak misses you. The yak gores you but does no damage.
The ground is no longer liquid beneath you.
The yak gores you. The yak gores you! The yak attacks as you move away!
The yak gores you. The yak attacks as you move away!
The yak closely misses you. The yak barely misses you. The yak gores you.
The two-headed ogre completely misses you.
The two-headed ogre barely misses you. The two-headed ogre barely misses you.
The two-headed ogre completely misses you.
There is a stone staircase leading up here.
The yak gores you. x2
You climb upwards.
There is a stone staircase leading down here.
As you read the scroll of identify, it crumbles to dust.
E - a scroll of vulnerability The yak completely misses you.
The yak misses you. The two-headed ogre barely misses you.
The two-headed ogre completely misses you.
The yak barely misses you. The yak completely misses you. The yak gores you!
The two-headed ogre barely misses you. x2
The yak attacks as you move away! The yak gores you!
The two-headed ogre attacks as you move away!
The two-headed ogre misses you.
The two-headed ogre hits you with a +0 giant club!
* * * LOW HITPOINT WARNING * * *
The yak barely misses you.
As you read the scroll of teleportation, it crumbles to dust.
You feel strangely unstable.
The two-headed ogre hits you with a +0 giant spiked club!!
You die...

#......#...#.........
####..######.........
#..##...#.........
#.......#.........
#.......#.........
#.......#.........
#.......#........<
#.......#.........
#@......#.........
#YO##...#.........
####Y.##...#.........
#...>..#...'.........
#......#...#.........
#......#...#.........
###...##...#......>..
######...#.........
#...##'###.........


You could see a two-headed ogre and 2 yaks.

Vanquished Creatures
  A two-headed ogre (D:9)
  Maurice (D:8)
  Grinder (D:3)
  2 trolls
  A wyvern (D:9)
  A wraith (D:8)
  2 steam dragons
  An acid dragon (D:9)
  A water moccasin (D:6)
  2 ice beasts
  An orc warrior (D:10)
  A black bear (D:5)
  An ogre (D:5)
  4 centaurs
  Blork the orc (D:5)
  3 bullfrogs (D:8)
  A necrophage (D:5)
  3 scorpions
  8 wights
  5 killer bees (D:7)
  4 howler monkeys
  3 jellies
  8 orc priests
  5 iguanas
  An orc wizard (D:8)
  Ijyb (D:3)
  Terence (D:2)
  Robin (D:3)
  6 adders
  2 ufetubi
  4 worms
  The ghost of flotson the Sneak, a weakling DsDe (D:3)
  A dart slug (D:5)
  29 orcs
  10 ball pythons
  6 bats
  4 endoplasms
  4 giant cockroaches
  20 goblins
  9 hobgoblins
  4 jackals
  A quokka (D:3)
  4 frilled lizards
  12 kobolds
  4 rats
186 creatures vanquished.

Vanquished Creatures (collateral kills)
  A kobold brigand (D:8)
  A necrophage (D:7)
  4 wights
  5 orcs
  A kobold (D:8)
12 creatures vanquished.

Grand Total: 198 creatures vanquished

Notes
Turn   | Place    | Note
-------+----------+-------------------------------------------
     0 | D:1      | NinjaNoafa the Gnoll Earth Elementalist began the quest for
                  | the Orb.
     0 | D:1      | Reached XP level 1. HP: 13/13 MP: 6/6
   179 | D:1      | Reached XP level 2. HP: 19/19 MP: 5/7
   232 | D:1      | Learned a level 2 spell: Passwall
   258 | D:1      | You fall into a shaft and drop 1 floor!
  1222 | D:2      | Noticed Terence
  1413 | D:3      | Reached skill level 5 in Spellcasting
  1413 | D:3      | Reached XP level 3. HP: 25/25 MP: 6/9
  1417 | D:3      | Learned a level 3 spell: Stone Arrow
  1468 | D:2      | Reached skill level 1 in Invocations
  1550 | D:2      | Found a faded altar of an unknown god.
  1557 | D:2      | Reached skill level 1 in Fighting
  1557 | D:2      | Reached skill level 1 in Short Blades
  1557 | D:2      | Reached skill level 1 in Long Blades
  1557 | D:2      | Reached skill level 1 in Axes
  1557 | D:2      | Reached skill level 1 in Maces & Flails
  1557 | D:2      | Reached skill level 1 in Polearms
  1557 | D:2      | Reached skill level 1 in Staves
  1557 | D:2      | Reached skill level 1 in Ranged Weapons
  1557 | D:2      | Reached skill level 1 in Throwing
  1557 | D:2      | Reached skill level 1 in Armour
  1557 | D:2      | Reached skill level 1 in Shields
  1557 | D:2      | Reached skill level 1 in Unarmed Combat
  1557 | D:2      | Reached skill level 1 in Evocations
  1726 | D:2      | Killed Terence
  1727 | D:2      | Reached skill level 1 in Conjurations
  1727 | D:2      | Reached skill level 1 in Hexes
  1727 | D:2      | Reached skill level 1 in Summonings
  1727 | D:2      | Reached skill level 1 in Necromancy
  1727 | D:2      | Reached skill level 1 in Translocations
  1727 | D:2      | Reached skill level 1 in Fire Magic
  1727 | D:2      | Reached skill level 1 in Ice Magic
  1727 | D:2      | Reached skill level 1 in Air Magic
  1727 | D:2      | Reached skill level 1 in Poison Magic
  1727 | D:2      | Reached XP level 4. HP: 32/32 MP: 2/11
  2096 | D:3      | Noticed Robin
  2465 | D:2      | Reached XP level 5. HP: 37/37 MP: 11/12
  2620 | D:3      | Killed Robin
  2753 | D:3      | Noticed Grinder
  2760 | D:3      | Killed Grinder
  2761 | D:3      | Reached skill level 5 in Dodging
  2761 | D:3      | Reached XP level 6. HP: 44/44 MP: 6/14
  2875 | D:3      | Found a shimmering altar of Xom.
  2876 | D:3      | Found a shimmering blue altar of Sif Muna.
  2906 | D:3      | Noticed Ijyb
  2922 | D:3      | Killed Ijyb
  3218 | D:3      | Found a runed translucent gate.
  3220 | D:3      | Found a runed translucent gate.
  3220 | D:3      | Found a runed translucent gate.
  3221 | D:3      | Noticed flotson's ghost (weakling DsDe)
  3532 | D:4      | Reached XP level 7. HP: 50/50 MP: 15/15
  3748 | D:4      | Learned a level 3 spell: Ignite Poison
  4036 | D:4      | Reached skill level 5 in Stealth
  4126 | D:4      | Found a white marble altar of Elyvilon.
  4179 | D:4      | Became a worshipper of Elyvilon the Healer
  4358 | D:4      | Found an opulent altar of Gozag.
  4422 | D:5      | Entered Level 5 of the Dungeon
  4441 | D:5      | Found a glowing silver altar of Zin.
  4774 | D:5      | Reached XP level 8. HP: 58/58 MP: 16/16
  4825 | D:5      | Reached * piety under Elyvilon
  4945 | D:5      | Learned a level 4 spell: Petrify
  5466 | D:5      | Noticed Blork the orc
  5475 | D:5      | Killed Blork the orc
  5495 | D:5      | Learned a level 2 spell: Wereblood
  5624 | D:5      | Fell from the grace of Elyvilon
  5628 | D:5      | Learned a level 2 spell: Sublimation of Blood
  6045 | D:6      | Found a staircase to the Ecumenical Temple.
  6058 | Temple   | Entered the Ecumenical Temple
  6188 | Temple   | Became a worshipper of Cheibriados the Contemplative
  7164 | D:7      | Reached XP level 9. HP: 56/65 MP: 16/18
  7223 | D:7      | Learned a level 3 spell: Call Canine Familiar
  7247 | D:7      | Reached * piety under Cheibriados
  7550 | D:7      | Found a hide-covered altar of Uskayaw.
  8385 | D:8      | HP: 1/61 [wight/+0 spear (5)]
  8387 | D:8      | Noticed Maurice
  8389 | D:8      | Paralysed by Maurice for 2 turns
  8399 | D:8      | Paralysed by something for 2 turns
  8404 | D:8      | Killed Maurice
  8588 | D:8      | Reached ** piety under Cheibriados
  8589 | D:8      | Reached skill level 5 in Invocations
  8685 | D:8      | Found an iron altar of Okawaru.
  8693 | D:8      | Learned a level 2 spell: Blink
  8767 | D:9      | Found a sparkling altar of Nemelex Xobeh.
  8913 | D:9      | Noticed a troll
  8987 | D:9      | Killed a troll
  9063 | D:9      | Noticed a two-headed ogre
  9285 | D:7      | Reached skill level 5 in Fighting
  9285 | D:7      | Reached skill level 5 in Short Blades
  9285 | D:7      | Reached skill level 5 in Long Blades
  9285 | D:7      | Reached skill level 5 in Axes
  9285 | D:7      | Reached skill level 5 in Maces & Flails
  9285 | D:7      | Reached skill level 5 in Polearms
  9285 | D:7      | Reached skill level 5 in Staves
  9285 | D:7      | Reached skill level 5 in Ranged Weapons
  9285 | D:7      | Reached skill level 5 in Throwing
  9285 | D:7      | Reached skill level 5 in Armour
  9285 | D:7      | Reached skill level 5 in Shields
  9285 | D:7      | Reached skill level 5 in Unarmed Combat
  9285 | D:7      | Reached skill level 5 in Evocations
  9289 | D:7      | Reached XP level 10. HP: 18/72 MP: 1/20
  9692 | D:3      | Learned a level 3 spell: Ozocubu's Armour
  9714 | D:3      | Killed flotson's ghost
  9773 | D:3      | Reached *** piety under Cheibriados
  9937 | D:8      | Found a shadowy altar of Dithmenos.
 10266 | D:8      | Found Zoqacawi's Demolitions Depot.
 10693 | D:9      | Found a basalt altar of Yredelemnul.
 10970 | D:9      | Found a staircase to the Lair.
 11127 | D:9      | Reached skill level 5 in Transmutations
 11479 | D:9      | Killed a two-headed ogre
 11620 | D:9      | Learned a level 4 spell: Leda's Liquefaction
 11643 | D:10     | Entered Level 10 of the Dungeon
 11703 | D:10     | Noticed a two-headed ogre
 11719 | D:9      | Mangled by a two-headed ogre

Illustrated notes

Levels and vault maps discovered:
D:1:      mushboom_english_gardens, layout_basic
D:2:      layout_loops_corners, nicolae_ecumenical_snake_handling, uniq_terence
D:3:      layout_rooms, gammafunk_temple_overflow_pools,
          biasface_ghost_orc_armoury, st_stairs_11, uniq_grinder, uniq_robin,
          uniq_ijyb
D:4:      layout_basic, elyvilon_altar_1, kennysheep_little_box,
          minmay_misc_feat_encased
D:5:      layout_cave_pods, zin_treasury, roderic_serpentine_path,
          uniq_blork_the_orc
D:6:      layout_cave_pools, minmay_temple_entry_proselytizer,
          mrwooster_statue_mirror
D:7:      layout_rooms, mainiacjoe_overflow_paths, nicolae_eternal_life
D:8:      layout_basic, mainiacjoe_overflow_swirl, enter_bailey_3,
          nicolae_blasting_shop, uniq_maurice
D:9:      layout_gridville, nicolae_overflow_crystal_walls,
          nemelex_diamond_rough_becter, lair_entry_dummy
D:10:     layout_cross
Temple:   nicolae_temple_godzebo

Skill      XL: |  1  2  3  4  5  6  7  8  9 10 |
---------------+-------------------------------+-----
Transmutations | 2 3 4 5 |  5.2
Spellcasting   | 5 6 7 |  7.7
Invocations    | 1 2 3 4 5 6 |  6.2
Fighting       | 1 2 3 5 |  5.7
Short Blades   | 1 2 3 5 |  5.7
Long Blades    | 1 2 3 5 |  5.7
Axes           | 1 2 3 5 |  5.7
Maces & Flails | 1 2 3 5 |  5.7
Polearms       | 1 2 3 5 |  5.7
Staves         | 1 2 3 5 |  5.7
Ranged Weapons | 1 2 3 5 |  5.7
Throwing       | 1 2 3 5 |  5.7
Armour         | 1 2 3 5 |  5.7
Shields        | 1 2 3 5 |  5.7
Unarmed Combat | 1 2 3 5 |  5.7
Evocations     | 1 2 3 5 |  5.7
Conjurations   | 1 2 3 4 |  4.7
Hexes          | 1 2 3 4 |  4.7
Summonings     | 1 2 3 4 |  4.7
Necromancy     | 1 2 3 4 |  4.7
Translocations | 1 2 3 4 |  4.7
Fire Magic     | 1 2 3 4 |  4.7
Ice Magic      | 1 2 3 4 |  4.7
Air Magic      | 1 2 3 4 |  4.7
Poison Magic   | 1 2 3 4 |  4.7
Dodging        | 5 6 7 |  7.4
Stealth        | 5 6 7 |  7.1
Earth Magic    | 6 7 |  7.3

Action                   |  1- 3 |  4- 6 |  7- 9 | 10-12 || total
-------------------------+-------+-------+-------+-------++-------
Melee: Dagger            |     5 |       |       |       ||     5
       Short sword       |       |     4 |   150 |       ||   154
       Bite              |       |       |    22 |    11 ||    33
       Punch             |       |       |     1 |       ||     1
       Unarmed           |       |       |    16 |       ||    16
       Trident           |       |       |       |    41 ||    41
Throw: Boomerang         |       |       |    17 |       ||    17
 Cast: Sandblast         |    33 |    50 |    25 |    41 ||   149
       Passwall          |     1 |     4 |     6 |       ||    11
       Stone Arrow       |     3 |    16 |    62 |    21 ||   102
       Ignite Poison     |       |       |    14 |       ||    14
       Wereblood         |       |       |     7 |       ||     7
       Petrify           |       |       |    11 |     8 ||    19
       Call Canine Famil |       |       |    13 |     6 ||    19
       Sublimation of Bl |       |       |     2 |       ||     2
       Blink             |       |       |     1 |       ||     1
       Ozocubu's Armour  |       |       |       |     6 ||     6
       Leda's Liquefacti |       |       |       |     3 ||     3
Invok: Renounce Religion |       |       |     1 |       ||     1
Evoke: Wand              |       |       |     2 |       ||     2
  Use: Potion            |     2 |     1 |     6 |       ||     9
       Scroll            |       |       |    16 |     4 ||    20
 Stab: Petrified         |       |       |     5 |    10 ||    15
Armor: Robe              |     2 |    38 |    51 |       ||    91
       Troll leather arm |       |       |    10 |    16 ||    26
       Skin              |       |       |     6 |       ||     6
       Steam dragon scal |       |       |       |    21 ||    21
Dodge: Dodged            |    15 |    63 |   237 |   161 ||   476

Table legend: (Time is in decaauts)
 A = Elapsed time spent in this place.
 B = Non-inter-level travel time spent in this place.
 C = Inter-level travel time spent in this place.
 D = Time resting spent in this place.
 E = Time spent auto-exploring this place.
 F = Levels seen in this place.
 G = Mean time per level.
                   A        B        C        D        E       F      G
               +--------+--------+--------+--------+--------+-----+--------+
         Total |  13263 |  11636 |   1627 |    575 |   8793 |  11 | 1205.7 |
       Dungeon |  13096 |  11505 |   1591 |    575 |   8687 |  10 | 1309.6 |
        Temple |    166 |    130 |     36 |      0 |    106 |   1 |  166.0 |
               +--------+--------+--------+--------+--------+-----+--------+

Top non-repeatable levels by time:
     D:8: 2552 daAuts
     D:5: 1777 daAuts
     D:7: 1560 daAuts
     D:9: 1551 daAuts
     D:2: 1534 daAuts
     D:3: 1310 daAuts
     D:4: 955 daAuts
     D:1: 896 daAuts
     D:6: 870 daAuts
  Temple: 166 daAuts
    D:10: 87 daAuts
